 Dungeon Crawl Stone Soup version 0.22-a0-570-g58866f5 (webtiles) character file.

1619 Hebeh the Ruffian (level 8, -4/79 HPs)
             Began as a Troll Berserker on June 30, 2018.
             Was a Priest of Trog.
             Slain by Sigmund
             ... wielding a +0 scythe
              (10 damage)
             ... on level 6 of the Dungeon.
             The game lasted 00:12:07 (4222 turns).

Hebeh the Ruffian (Troll Berserker)                 Turns: 4222, Time: 00:12:09

Health: -4/79      AC:  6    Str: 26    XL:     8   Next: 64%
Magic:  7/7        EV: 15    Int:  3    God:    Trog [***...]
Gold:   235        SH:  0    Dex: 11    Spells: 7/7 levels left

rFire    . . .     SeeInvis .     - Unarmed
rCold    . . .     Gourm    +   (no shield)
rNeg     . . .     Faith    .   a - +0 animal skin
rPois    .         Spirit   .   (helmet restricted)
rElec    .         Reflect  .   e - +0 cloak
rCorr    .         Harm     .   (gloves unavailable)
MR       .....                  (boots unavailable)
Stlth    +.........             v - amulet of regeneration
HPRegen  1.03/turn              s - +4 ring of evasion
MPRegen  0.10/turn              (no ring)

@: berserk cooldown, slowed, very slow
A: large, unfitting armour, claws 3, fast metabolism 3, gourmand, regeneration
1, shaggy fur 1, tough skin 2
a: Berserk, Trog's Hand, Renounce Religion


You were on level 6 of the Dungeon.
You worshipped Trog.
Trog was most pleased with you.
You were very full.

You visited 1 branch of the dungeon, and saw 6 of its levels.

You collected 235 gold pieces.

Inventory:

Missiles
 c - 275 stones
 q - 15 large rocks (quivered)
Armour
 a - a +0 animal skin (worn)
 e - a +0 cloak (worn)
Jewellery
 s - a +4 ring of evasion (left claw)
 v - an amulet of regeneration (around neck)
Scrolls
 d - 2 scrolls of identify
 g - 2 scrolls of remove curse {unknown}
 h - 2 scrolls of teleportation {unknown}
 j - a scroll of enchant armour {unknown}
 l - 2 scrolls of magic mapping {unknown}
Potions
 f - a potion of haste {unknown}
 i - a potion of invisibility {unknown}
 k - 3 potions of flight {unknown}
 m - 4 potions of curing
 o - 3 potions of brilliance {unknown}
 p - 2 potions of heal wounds {unknown}
 r - a potion of lignification {unknown}
 t - a potion of might {unknown}
 w - a potion of resistance {unknown}
 x - a potion of cancellation {unknown}
Comestibles
 b - 17 rations


   Skills:
 + Level 4.7 Fighting
 + Level 4.3 Throwing
 + Level 4.7 Dodging
 * Level 7.6 Unarmed Combat


You had 7 spell levels left.
You didn't know any spells.
Your spell library was empty.

Dungeon Overview and Level Annotations

Branches:
Dungeon (6/15)             Temple (0/1) D:5

Altars:
Makhleb
Nemelex Xobeh
Vehumet

Annotations:
D:6 Sigmund


Innate Abilities, Weirdness & Mutations

You are too large for most types of armour.
You have claws for hands.
Your metabolism is lightning-fast.
You like to eat raw meat.
Your natural rate of healing is unusually fast.
You are covered in fur. (AC +1)
You have very tough skin. (AC +2)


Message History

You barely miss something. The adder skeleton barely misses you.
Something hits you but does no damage.
The giant cockroach zombie completely misses you.
The adder skeleton bites you but does no damage.
The black bear misses you.
The black bear claws you but does no damage.
The black bear closely misses you.
You mangle something!! The giant cockroach zombie misses you.
Something hits you.
* * * LOW HITPOINT WARNING * * *
The adder skeleton misses you.
The black bear bites you but does no damage.
The black bear closely misses you. The black bear claws you.
* * * LOW HITPOINT WARNING * * *
The giant cockroach zombie misses you.
You miss something. The adder skeleton misses you. The black bear bites you.
* * * LOW HITPOINT WARNING * * *
The black bear claws you but does no damage.
The black bear barely misses you. Something hits you!
You die...

#..... ##.....
....... ##.....##
## #........ ..##
#.......####....
##..Z{'.......
#....@#%......
#...h.Z.......
#....))..#..##
#........#..
####.....#..
#.....#.#########
#.###.#.........###
#.....#...........#
#..............<#.#


You could see a black bear, a giant cockroach zombie and an adder skeleton.

Vanquished Creatures
  The ghost of kae the Insei, an amateur DsTm (D:4)
  Duvessa (D:6)
  A sky beast (D:5)
  3 ogres
  A black bear (D:4)
  Dowan (D:6)
  A water moccasin skeleton (D:6)
  2 scorpions
  The ghost of TheNamelessOne the Ducker, a weakling DDMo (D:3)
  2 jellies
  3 hounds
  An orc priest (D:4)
  2 orc wizards (D:5)
  Crazy Yiuf (D:2)
  A bullfrog skeleton (D:5)
  2 iguanas
  Terence (D:2)
  A worker ant (D:4)
  2 hound skeletons
  Robin (D:3)
  6 adders
  A shadow imp (D:5)
  An ooze (D:3)
  A worm (D:2)
  2 dart slugs (D:1)
  2 leopard geckos (D:2)
  28 orcs
  2 ball pythons
  7 bats
  7 giant cockroaches
  13 goblins
  9 hobgoblins
  3 jackals (D:2)
  3 quokkas
  7 frilled lizards
  9 kobolds
  12 rats
142 creatures vanquished.

Notes
Turn   | Place    | Note
-------+----------+-------------------------------------------
     0 | D:1      | Hebeh the Troll Berserker began the quest for the Orb.
     0 | D:1      | Reached XP level 1. HP: 22/22 MP: 0/0
   126 | D:1      | Reached XP level 2. HP: 29/29 MP: 1/1
   741 | D:2      | Reached XP level 3. HP: 36/36 MP: 2/2
   775 | D:2      | Reached skill level 1 in Throwing
   841 | D:2      | Reached ** piety under Trog
   862 | D:2      | Found a runed door.
  1168 | D:2      | Noticed Terence
  1177 | D:2      | Killed Terence
  1177 | D:2      | Reached XP level 4. HP: 40/44 MP: 3/3
  1184 | D:2      | Reached skill level 4 in Unarmed Combat
  1188 | D:2      | HP: 2/44 [goblin/dagger of electrocution (11)]
  1406 | D:2      | Found a burning altar of Makhleb.
  1471 | D:2      | Noticed Crazy Yiuf
  1475 | D:2      | Killed Crazy Yiuf
  1475 | D:2      | Reached XP level 5. HP: 43/53 MP: 4/4
  1511 | D:3      | Noticed Robin
  1536 | D:3      | Killed Robin
  1915 | D:3      | Noticed TheNamelessOne's ghost (weakling DDMo)
  1929 | D:3      | Found a runed door.
  1968 | D:3      | Killed TheNamelessOne's ghost
  1968 | D:3      | Reached XP level 6. HP: 31/61 MP: 5/5
  2230 | D:3      | Found a faded altar of an unknown god.
  2589 | D:4      | Reached skill level 5 in Unarmed Combat
  2675 | D:4      | Reached *** piety under Trog
  2843 | D:4      | Reached XP level 7. HP: 44/68 MP: 6/6
  3021 | D:4      | Found a runed gate.
  3022 | D:4      | Found a runed gate.
  3022 | D:4      | Found a sparkling altar of Nemelex Xobeh.
  3135 | D:4      | Found a runed gate.
  3137 | D:4      | Noticed kae's ghost (amateur DsTm)
  3151 | D:4      | Killed kae's ghost
  3151 | D:4      | Reached skill level 6 in Unarmed Combat
  3408 | D:5      | Entered Level 5 of the Dungeon
  3505 | D:5      | Reached XP level 8. HP: 76/78 MP: 7/7
  3640 | D:5      | Received a gift from Trog
  3679 | D:5      | Found a staircase to the Ecumenical Temple.
  3788 | D:5      | Found a radiant altar of Vehumet.
  3845 | D:5      | Reached skill level 7 in Unarmed Combat
  4192 | D:6      | Noticed Duvessa
  4193 | D:6      | Noticed Dowan
  4200 | D:6      | Noticed Sigmund
  4203 | D:6      | Killed Duvessa
  4211 | D:6      | Killed Dowan
  4222 | D:6      | Slain by Sigmund

Vault maps used:
D:1:      minmay_arrival_shattered_statue, nrook_mini_backslash, hex_medium
D:2:      minmay_misc_feat_chi, makhleb_heckhound_becter, uniq_terence,
          uniq_crazy_yiuf_cottage
D:3:      chequers_ecumenical_altar_simple, first_ration,
          hellmonk_ghost_happy_afterlife, uniq_robin
D:4:      black_bear_nest_2, nemelex_xobeh_ov_fountains_minmay,
          ebering_ghost_rock_garden, grunt_tough_drop
D:5:      old_standard_altar, minmay_temple_entry_trees
D:6:      nicolae_overflow_hidden_temple, serial_shops,
          nicolae_shop_behind_doors, uniq_duvessa, uniq_grinder, uniq_sigmund

Skill      XL: |  1  2  3  4  5  6  7  8 |
---------------+-------------------------+-----
Throwing       | 1 2 3 4 |  4.3
Unarmed Combat | 4 5 6 7 |  7.6
Fighting       | 3 4 |  4.7
Dodging        | 3 4 |  4.7

Action                   |  1- 3 |  4- 6 |  7- 9 || total
-------------------------+-------+-------+-------++-------
Melee: Unarmed           |   117 |   165 |   156 ||   438
       Punch             |     1 |     4 |     4 ||     9
Throw: Large rock        |       |       |     5 ||     5
Invok: Berserk           |       |     1 |     1 ||     2
       Trog's Hand       |       |     1 |       ||     1
  Use: Scroll            |       |       |     3 ||     3
 Stab: Sleeping          |     1 |       |       ||     1
       Invisible         |       |     1 |       ||     1
  Eat: Chunk             |    16 |    17 |    13 ||    46
Armor: Animal skin       |    43 |    89 |    59 ||   191
Dodge: Dodged            |    63 |   101 |   111 ||   275

Table legend:
 A = Spawn XP
 B = Non-spawn XP
 C = Spawn XP percentage of total XP
 D = Spawn monster count
 E = Non-spawn monster count
 F = Spawn count percentage of total count
 G = Total turns spent on level
                    A         B        C        D         E        F      G
               +---------+---------+-------+---------+---------+-------+---------
         Total |       0 |    2313 |   0.0 |       0 |     142 |   0.0 |  4222
               +---------+---------+-------+---------+---------+-------+---------
           D:1 |       0 |      34 |   0.0 |       0 |      18 |   0.0 |   670
           D:2 |       0 |     189 |   0.0 |       0 |      29 |   0.0 |   823
           D:3 |       0 |     204 |   0.0 |       0 |      33 |   0.0 |   933
           D:4 |       0 |     817 |   0.0 |       0 |      33 |   0.0 |   982
           D:5 |       0 |     747 |   0.0 |       0 |      25 |   0.0 |   723
           D:6 |       0 |     322 |   0.0 |       0 |       4 |   0.0 |    91
               +---------+---------+-------+---------+---------+-------+---------
